Map: Habitation Station LE (Void)

Players

Rob

  • Race: Zerg Zerg
  • League: Gold
  • Spawn Location: 1:00

Fropez - Winner!

  • Race: Protoss Protoss
  • League: Gold
  • Spawn Location: 11:00

VOD

Have the link to the VOD?

Description

Time

  • Played on: Nov. 30, 2016, 6:22 p.m.
  • Length: 20:05
Show
View Real Time Build Order
Export as new Build Order

Rob Zerg 

Build Orders: Pool First 

Get SALT Encoding   

  12  0:03  Drone  
  13  0:10  Drone  
  14  0:14  Extractor  
  14  0:16  Drone  
  14  0:33  Spawning Pool  
  13  0:38  Drone  
  14  1:15  Extractor  
  14  1:16  Drone  
  14  1:29  Overlord  
  14  1:38  Roach Warren  
  13  1:47  Queen, Zergling x2  
  13  1:48  Drone  
  13  1:50  Drone  
  18  2:02  Spine Crawler, Drone  
  18  2:16  Zergling x2  
  19  2:23  Zergling x2  
  20  2:32  Roach  
  22  2:44  Overlord  
  22  3:02  Overlord  
  22  3:05  Roach  
  24  3:06  Hatchery  
  24  3:09  Drone  
  24  3:27  Roach  
  24  3:28  Drone  
  24  3:30  Roach  
  29  3:42  Roach  
  31  3:56  Roach  
  33  4:03  Roach  
  35  4:13  Roach  
  35  4:15  Drone  
  38  4:17  Overlord  
  35  4:37  Drone x4  
  35  4:38  Drone  
  40  4:48  Roach x2  
  44  4:56  Queen  
  44  4:58  Drone  
  47  5:00  Drone  
  48  5:16  Zergling x2  
  48  5:17  Zergling x4, Drone  
  48  5:19  Overlord  
  52  5:39  Drone  
  52  5:40  Drone  
  52  5:41  Drone x2  
  56  5:46  Metabolic Boost  
  56  5:48  Spore Crawler  
  55  5:50  Lair  
  55  5:54  Overlord  
  55  5:56  Overlord  
  55  6:01  Overlord  
  54  6:10  Overlord  
  48  6:34  Roach x2  
  48  6:35  Drone x3, Roach  
  57  6:53  Hatchery  
  50  6:54  Roach x2  
  48  7:02  Spine Crawler  
  48  7:03  Spine Crawler  
  44  7:10  Roach x4  
  44  7:14  Spine Crawler  
  51  7:18  Spine Crawler  
  50  7:29  Roach x2  
  56  7:30  Roach x2  
  58  7:39  Drone  
  59  7:46  Hydralisk Den  
  59  7:50  Roach  
  62  7:51  Roach x2  
  64  8:17  Roach x4  
  73  8:20  Zergling x10  
  73  8:25  Drone  
  78  8:28  Spore Crawler  
  78  8:32  Zergling x2  
  78  8:44  Evolution Chamber  
  78  8:45  Evolution Chamber  
  78  8:47  Drone x2  
  78  9:01  Roach x2  
  78  9:13  Zerg Melee Weapons Level 1  
  78  9:14  Zerg Missile Weapons Level 1  
  78  9:16  Zergling x2  
  80  9:17  Zergling x2  
  80  9:18  Zergling x2  
  80  9:20  Drone  
  82  9:26  Pneumatized Carapace  
  82  9:30  Extractor  
  79  9:33  Roach  
  79  9:34  Roach  
  83  9:38  Glial Reconstitution  
  83  9:48  Extractor, Drone  
  83  9:58  Overlord  
  83  9:59  Overseer  
  83  10:00  Overseer  
  83  10:05  Roach  
  83  10:06  Roach  
  87  10:07  Zergling x2  
  87  10:14  Zergling x4  
  88  10:41  Hydralisk, Roach x2  
  88  10:42  Roach x2  
  90  10:52  Roach  
  90  10:53  Roach x3  
  95  11:02  Drone x3  
  98  11:19  Overlord x2  
  98  11:20  Overlord  
  98  11:35  Overlord  
  98  11:37  Spine Crawler x2  
  96  11:40  Zergling x2, Spine Crawler  
  96  11:41  Spine Crawler  
  96  11:42  Zergling x2  
  96  11:44  Drone  
  66  12:37  Roach x2  
  66  12:38  Drone x3, Roach x3  
  66  12:39  Drone  
  70  12:56  Roach  
  70  12:57  Roach x2  
  64  13:06  Roach x2  
  64  13:07  Roach  
  68  13:13  Zerg Missile Weapons Level 2  
  68  13:14  Infestation Pit, Zerg Ground Armor Level 1  
  68  13:15  Drone x3  
  66  13:20  Overseer x2  
  68  13:27  Roach x3  
  72  13:48  Drone x5  
  70  13:49  Drone  
  67  13:56  Roach  
  67  13:57  Roach x2  
  59  14:12  Roach x3  
  61  14:19  Roach x2  
  61  14:20  Roach  
  67  14:25  Drone  
  67  14:26  Drone x2  
  66  14:41  Drone x2  
  68  15:06  Hatchery  
  69  15:21  Roach x3  
  69  15:28  Zerg Melee Weapons Level 2  
  73  15:42  Roach x3  
  81  15:43  Drone, Roach  
  81  15:47  Extractor  
  81  15:49  Extractor  
  80  15:58  Hive  
  80  16:01  Lurker Den  
  80  16:05  Drone  
  80  16:06  Drone x3  
  84  16:26  Roach  
  84  16:27  Roach  
  84  16:29  Drone  
  84  16:30  Roach  
  91  16:38  Zergling x2  
  91  16:39  Zergling x2  
  93  16:42  Zergling x2, Hatchery  
  93  16:44  Zergling x2  
  93  16:46  Zergling x2  
  95  16:53  Zergling x4  
  98  17:01  Zergling x4  
  98  17:02  Zergling x4  
  101  17:09  Roach  
  101  17:10  Roach  
  101  17:11  Adrenal Glands  
  53  18:03  Roach x5  
  53  18:04  Roach x7  
  68  18:09  Roach  
  68  18:10  Roach  
  62  18:22  Roach x3  
  65  18:28  Roach x2  
  64  18:37  Roach x2  
  68  18:51  Roach  
  68  18:52  Roach x3  
  76  19:07  Roach  
  76  19:08  Roach x2  
  62  19:37  Roach x3  
  62  19:38  Roach  
  44  19:46  Roach  
Show
View Real Time Build Order
Export as new Build Order

Fropez Protoss - Winner!

Build Orders:  

Get SALT Encoding   

  12  0:00  Probe (Chrono Boost)  
  13  0:13  Probe (Chrono Boost)  
  14  0:20  Pylon  
  14  0:24  Probe (Chrono Boost)  
  15  0:38  Probe (Chrono Boost)  
  16  0:49  Probe (Chrono Boost)  
  17  0:50  Gateway  
  17  0:58  Assimilator  
  17  0:59  Probe (Chrono Boost)  
  17  1:01  Assimilator  
  18  1:04  Pylon  
  19  1:18  Probe (Chrono Boost)  
  19  1:31  Gateway  
  19  1:37  Pylon, Zealot  
  19  1:38  Probe (Chrono Boost)  
  22  1:50  Cybernetics Core  
  22  1:53  Probe (Chrono Boost)  
  23  2:03  Probe (Chrono Boost)  
  24  2:14  Probe (Chrono Boost)  
  25  2:15  Gateway  
  25  2:21  Gateway  
  25  2:27  Gateway  
  25  2:32  Stalker  
  26  2:39  Stalker  
  26  2:43  Warp Gate (Chrono Boost)  
  28  3:00  Gateway  
  28  3:02  Pylon  
  28  3:05  Stalker  
  30  3:19  Stalker  
  34  3:20  Mothership Core  
  34  3:41  Pylon, Probe  
  35  3:46  Stalker  
  35  3:47  Stalker  
  39  4:16  Nexus  
  39  4:25  Probe  
  40  4:37  Probe  
  41  4:45  Pylon, Assimilator  
  41  4:47  Adept x2  
  45  4:53  Stalker  
  47  5:07  Pylon  
  47  5:08  Probe  
  47  5:09  Pylon  
  48  5:20  Probe  
  49  5:28  Probe  
  49  5:31  Pylon  
  49  5:32  Probe  
  51  5:37  Stalker x3  
  57  5:43  Probe  
  57  5:45  Probe  
  59  5:54  Twilight Council  
  59  6:12  Probe  
  59  6:13  Probe  
  61  6:21  Assimilator  
  61  6:22  Probe  
  62  6:27  Pylon  
  62  6:31  Stalker  
  62  6:32  Stalker x2  
  60  6:43  Probe  
  60  6:44  Probe  
  60  7:14  Probe  
  61  7:15  Probe  
  61  7:21  Nexus  
  62  7:23  Pylon  
  62  7:25  Stalker x4  
  62  7:28  Probe  
  71  7:40  Templar Archives  
  71  7:41  Probe  
  71  7:42  Probe  
  73  7:47  Pylon  
  73  8:08  Stalker x2  
  73  8:09  Stalker x3  
  83  8:16  Probe  
  83  8:18  Forge  
  84  8:31  Probe x2  
  84  8:33  Probe  
  87  8:41  Stalker x3  
  93  8:52  Robotics Facility  
  93  9:02  Gateway  
  93  9:06  Gateway  
  89  9:11  Protoss Shields Level 1 (Chrono Boost)  
  89  9:14  High Templar x3  
  89  9:15  High Templar x2  
  95  9:18  Archon x2  
  95  9:28  Probe x2  
  97  9:31  Assimilator  
  97  9:36  Assimilator  
  97  9:44  Probe x3  
  97  9:45  Forge  
  100  9:46  Gateway  
  100  9:51  Gateway, Photon Cannon  
  100  9:58  Photon Cannon  
  100  10:03  Pylon  
  100  10:05  High Templar  
  100  10:06  High Templar x4  
  110  10:16  Archon x2  
  110  10:19  Archon  
  100  10:44  Charge (Chrono Boost)  
  100  10:47  Psionic Storm  
  95  10:52  Adept x5  
  105  11:02  High Templar x3  
  111  11:10  Gateway  
  111  11:11  Gateway  
  111  11:15  Pylon  
  111  11:17  Gateway  
  111  11:19  Probe x2  
  111  11:20  Probe  
  111  11:21  Photon Cannon  
  114  11:26  Pylon  
  114  11:29  Probe, Protoss Shields Level 2  
  114  11:31  Probe, Protoss Ground Weapons Level 1  
  117  11:33  Observer  
  109  12:06  High Templar x3  
  109  12:07  High Templar  
  107  12:09  Zealot x4  
  111  12:25  Archon x2  
  111  12:26  Archon  
  85  12:37  Zealot x2  
  85  12:38  Zealot x5  
  85  12:39  Zealot x2  
  89  13:03  Stalker x2  
  89  13:04  Stalker x5  
  89  13:05  Probe  
  103  13:06  Probe x2  
  106  13:16  Probe  
  106  13:18  Probe x2  
  109  13:23  Nexus  
  101  13:54  Protoss Ground Weapons Level 2 (Chrono Boost)  
  101  13:55  Protoss Ground Armor Level 1 (Chrono Boost)  
  91  13:58  Zealot x5  
  91  13:59  Zealot x3  
  103  14:17  Pylon  
  103  14:26  Pylon  
  103  14:28  Pylon  
  103  14:30  Pylon  
  95  14:34  Pylon  
  95  14:36  Pylon, Zealot x3  
  95  14:37  Zealot x3  
  103  14:40  Pylon  
  103  14:41  High Templar x2  
  103  14:42  High Templar x2  
  105  14:45  Archon  
  105  14:46  Archon  
  101  15:00  Photon Cannon  
  101  15:05  Photon Cannon  
  101  15:09  Photon Cannon, Gateway  
  101  15:14  Photon Cannon  
  101  15:15  Photon Cannon  
  101  15:19  Assimilator  
  101  15:21  Assimilator, Gateway  
  99  15:34  High Templar x3  
  99  15:35  High Templar x5  
  111  15:36  High Templar x2  
  111  15:42  Archon x4  
  117  15:43  Archon  
  117  15:45  Probe  
  117  15:46  Probe x2  
  120  16:01  Nexus  
  120  16:03  Assimilator  
  120  16:08  Assimilator  
  120  16:10  High Templar x3  
  120  16:11  High Templar, Pylon  
  128  16:12  Zealot x5  
  128  16:13  Pylon, Zealot  
  128  16:18  Pylon  
  140  16:21  Pylon, High Templar x2  
  140  16:24  Probe  
  140  16:25  Probe x2  
  146  16:30  Stalker x2  
  151  16:36  Gateway  
  151  16:40  Photon Cannon  
  151  16:43  Gateway  
  151  16:44  Gateway  
  151  16:45  Photon Cannon  
  151  16:49  Probe  
  151  16:50  Probe x2  
  151  16:51  Probe  
  151  16:53  Zealot x2  
  159  17:17  Stalker  
  159  17:18  Stalker x5  
  159  17:19  Stalker x2  
  159  17:20  Stalker  
  139  18:11  Pylon  
  135  18:14  Zealot x4  
  135  18:15  Zealot x6  
  135  18:16  Zealot x3  
  153  18:56  Nexus  
  153  18:59  Assimilator  
  153  19:04  Assimilator  
  153  19:06  Pylon  
  153  19:08  Pylon  
  153  19:12  Pylon  
  153  19:16  Pylon  
  147  19:28  Archon x3  
  137  19:32  Zealot x5  
  137  19:33  Zealot x6  
  137  19:34  Zealot x3  
  137  19:35  Zealot x3  
  153  19:53  Gateway  
  153  19:54  Gateway  
  153  19:56  Gateway  
Tags
 
Add a new tag
Caveats
  • Supply blocks, unpowered buildings, or Contaminate may cause inaccurate times.
  • Supply counts are checked every 10 seconds.